 Dungeon Crawl Stone Soup version 0.23.2-40-g277498a001 (webtiles) character file.

Game seed: 5068906179716749723

832 Amplified the Magician (level 7, -1/56 HPs)
             Began as a Mummy Monk on Aug 24, 2019.
             Was an Initiate of Gozag.
             Splashed by a centaur's acid (10 damage)
             ... on level 5 of the Dungeon.
             The game lasted 00:11:58 (6560 turns).

Amplified the Magician (Mummy Monk)                 Turns: 6560, Time: 00:11:59

Health: -1/56      AC:  5    Str: 16    XL:     7   Next: 65%
Magic:  15/15      EV: 13    Int: 12    God:    Gozag
Gold:   445        SH:  0    Dex: 21    Spells: 16/16 levels left

rFire    x . .     SeeInvis .   o - +0 shortbow (flame)
rCold    + . .     Gourm    .   (shield currently unavailable)
rNeg     + + +     Faith    .   m - +2 leather armour of the Boiling Point {rN+ MR- Str+2 Dex+7}
rPois    ∞         Spirit   .   (no helmet)
rElec    .         Reflect  .   n - scarf {cloud immunity}
rCorr    .         Harm     .   (no gloves)
MR       .....                  (no boots)
Stlth    +++.......             (no amulet)
HPRegen  0.18/turn              e - ring of poison resistance
MPRegen  0.14/turn              f - ring of stealth

@: gold aura
A: no food or potions, fire vulnerability, cold resistance 1, negative energy
resistance 3, torment resistance, unbreathing
a: Potion Petition, Call Merchant, Bribe Branch, Renounce Religion


You were on level 5 of the Dungeon.
You worshipped Gozag.
Gozag was aware of your devotion.
You were not hungry.

You visited 2 branches of the dungeon, and saw 9 of its levels.
You also visited: Ossuary.

You collected 445 gold pieces.

Inventory:

Hand Weapons
 d - a +0 war axe
 o - a +0 shortbow of flaming (weapon)
Missiles
 b - 7 poisoned javelins
 g - 41 poisoned needles
 h - 6 needles of confusion
 p - 39 arrows (quivered)
Armour
 c - a +1 ring mail
 m - the +2 leather armour of the Boiling Point (worn) {rN+ MR- Str+2 Dex+7}
   (You found it on level 6 of the Dungeon)

   It affects your strength (+2).
   It affects your dexterity (+7).
   It protects you from negative energy.
   It affects your resistance to hostile enchantments.
 n - a scarf of cloud immunity (worn)
Jewellery
 e - a ring of poison resistance (left hand)
 f - a ring of stealth (right hand)
Wands
 a - a wand of flame (15)
Scrolls
 j - 3 scrolls of random uselessness
 k - 4 scrolls of identify
 l - 3 scrolls of noise


   Skills:
 * Level 5.4 Fighting
 * Level 2.8(3.5) Axes
   Level 3.2(3.8) Maces & Flails
 + Level 2.0 Armour
 - Level 2.7 Dodging
 - Level 1.5 Stealth
 * Level 5.4 Spellcasting


You had 16 spell levels left.
You didn't know any spells.
Your spell library was empty.

Dungeon Overview and Level Annotations

Branches:
Dungeon (8/15)             Temple (1/1) D:7
   Lair: D:8-11

Altars:
Ashenzari
Cheibriados
Dithmenos
Elyvilon
Gozag
Kikubaaqudgha
Makhleb
Nemelex Xobeh
Okawaru
Qazlal
Ru
Sif Muna
Trog
Vehumet
Xom
Yredelemnul
Zin
The Shining One

Annotations:
D:3 Grinder
D:7 2 transporters, Tommers's ghost, novice DECj


Innate Abilities, Weirdness & Mutations

You do not eat or drink.
Your flesh is vulnerable to fire.
You are immune to poison.
Your flesh is cold resistant. (rC+)
You are immune to negative energy. (rN+++)
You are immune to unholy pain and torment.
You can survive without breathing.


Message History

You shoot an arrow. The centaur shouts!
The arrow hits the centaur.
The arrow burns the centaur.
The centaur is no longer distracted by gold.
The centaur is heavily wounded.
The centaur shoots an arrow.
The arrow hits you.
The centaur becomes distracted by the nearby gold, dreaming of imaginary riches.
Firing (i - inventory. (/) - cycle)
p - 40 arrows (quivered)
Press: ? - help, Shift-Dir - straight line, f/p - centaur
Aim: a centaur, wielding a +0 shortbow and carrying a wand of acid (4) (heavily wounded, hasn't noticed you)
You shoot an arrow. The centaur shouts!
The arrow hits the centaur.
The arrow burns the centaur.
The centaur is no longer distracted by gold.
The centaur is severely wounded.
The centaur zaps a wand.
The bolt of acid hits you!!
* * * LOW HITPOINT WARNING * * *
You are splashed with acid!
You die...
Your body crumbles into a pile of gold.

,,,,,*****.....(.c.#.........#...
,,,*,* *,.......(#.........#.##
**,*********#....(.####..#####.##
,,,*≈≈,≈,≈≈≈*#...c...............
,*,,********,#...................
,*,**≈,≈≈≈**≈#......#####.####.#.
,*,*≈*****≈*≈***#(#.#...#+####...
,*,*≈**≈,*≈*,####.#.#..........#.
,*,*≈*,***≈*,#..@....[...........
,*,*≈**≈≈≈≈*≈####.#.####.........
,*,*≈*******≈* #.#.# ##........
,*,**≈,≈≈≈≈≈** #.#.# ###......#.
,*,*******#######.#.# #........#.
,*,,,,,',,.'......#'###........#.
,*******,,.##.........#....###.#.
,,,,,,,,,,..'....................
**********###..................#.


You could see a centaur.

Vanquished Creatures
  A water moccasin (D:7)
  3 centaurs
  A scorpion (D:5)
  2 crimson imps
  A centaur skeleton (D:5)
  A human zombie (D:5)
  2 iguanas
  4 worker ants
  A big kobold zombie (Ossuary)
  3 mummies (Ossuary)
  3 adders
  An ooze (D:1)
  An adder skeleton (D:8)
  2 worms
  4 leopard geckos
  4 orcs
  2 ball pythons (D:1)
  3 bat zombies (D:2)
  4 giant cockroaches
  A gnoll zombie (Ossuary)
  5 goblins
  6 hobgoblins
  2 jackals (D:7)
  A quokka (D:6)
  6 bats
  5 frilled lizards
  A goblin zombie (Ossuary)
  4 kobolds
  2 kobold zombies (Ossuary)
  3 orc zombies (Ossuary)
  8 rats
  A spectral orc (D:2)
88 creatures vanquished.

Vanquished Creatures (others)
  21 toadstools
21 creatures vanquished.

Grand Total: 109 creatures vanquished

Notes
Turn   | Place    | Note
-------+----------+-------------------------------------------
     0 | D:1      | Amplified the Mummy Monk began the quest for the Orb.
     0 | D:1      | Reached XP level 1. HP: 18/18 MP: 1/1
    89 | D:1      | Reached skill level 1 in Spellcasting
    89 | D:1      | Reached XP level 2. HP: 12/24 MP: 1/3
   856 | D:2      | Found a faded altar of an unknown god.
   927 | D:2      | Found a deep blue altar of Sif Muna.
   963 | D:2      | Reached XP level 3. HP: 29/29 MP: 5/5
  1004 | D:2      | HP: 1/29 [adder (3)]
  1450 | D:2      | Found an ancient bone altar of Kikubaaqudgha.
  1682 | D:2      | Found a sparkling altar of Nemelex Xobeh.
  1722 | D:2      | Found a basalt altar of Yredelemnul.
  1801 | D:3      | Noticed Grinder
  2039 | D:3      | Noticed a centaur
  2239 | D:4      | Found a shimmering altar of Xom.
  2261 | D:4      | Reached XP level 4. HP: 33/35 MP: 7/7
  2852 | D:5      | Entered Level 5 of the Dungeon
  2862 | D:5      | Found a sand-covered staircase.
  2889 | D:5      | Reached XP level 5. HP: 14/42 MP: 9/9
  2906 | Ossuary  | Entered an ossuary
  3707 | D:4      | Reached skill level 1 in Axes
  3811 | D:5      | Found an iron altar of Okawaru.
  3869 | D:5      | Reached skill level 1 in Armour
  3900 | D:5      | Reached XP level 6. HP: 42/49 MP: 11/11
  4235 | D:5      | HP: 1/49 [acid (14)]
  4523 | D:6      | Got a distressingly furry leather armour
  4524 | D:6      | Identified the +2 leather armour of the Boiling Point {rN+
                  | MR- Str+2 Dex+7} (You found it on level 6 of the Dungeon)
  4672 | D:6      | Found a sacrificial altar of Ru.
  4783 | D:6      | Found a shattered altar of Ashenzari.
  5527 | D:7      | Found a staircase to the Ecumenical Temple.
  5537 | Temple   | Entered the Ecumenical Temple
  5872 | Temple   | Became a worshipper of Gozag Ym Sagoz the Greedy
  5946 | D:8      | Noticed a two-headed ogre
  6003 | D:7      | Noticed a water moccasin
  6006 | D:7      | Reached XP level 7. HP: 45/55 MP: 12/14
  6015 | D:7      | Reached skill level 5 in Fighting
  6325 | D:7      | Found a transporter.
  6329 | D:7      | Found a transporter.
  6330 | D:7      | Noticed Tommers's ghost (novice DECj)
  6330 | D:7      | Noticed a hornet
  6371 | D:7      | Reached skill level 5 in Spellcasting
  6560 | D:5      | Splashed by a centaur's acid

Skill      XL: |  1  2  3  4  5  6  7 |
---------------+----------------------+-----
Spellcasting   | 1 2 3 4 5 |  5.4
Maces & Flails | 3 |  3.2
Fighting       | 4 5 |  5.4
Axes           | 1 2 |  2.8
Armour         | 1 2 |  2.0
Dodging        | |  2.7
Stealth        | |  1.5

Action                   |  1- 3 |  4- 6 |  7- 9 || total
-------------------------+-------+-------+-------++-------
Melee: Mace              |   134 |    32 |       ||   166
       War axe           |       |   174 |    17 ||   191
       Long sword        |       |     6 |       ||     6
 Fire: Shortbow          |       |       |    12 ||    12
Throw: Javelin           |       |     2 |     1 ||     3
  Use: Scroll            |     4 |    14 |     1 ||    19
 Stab: Sleeping          |     9 |     9 |       ||    18
Armor: Ring mail         |    51 |    43 |       ||    94
       Robe              |     1 |       |       ||     1
       Leather armour    |       |    15 |     4 ||    19
Dodge: Dodged            |   103 |   133 |    26 ||   262
       Rpst.: Long sword |       |     3 |       ||     3
